 Dungeon Crawl Stone Soup version 0.17.1-3-g152610e (webtiles) character file.

28 Gargoyl the Skirmisher (level 3, 0/29 HPs)
             Began as a Demonspawn Abyssal Knight on Mar 29, 2016.
             Was a Follower of Lugonu.
             Slain by a rat (2 damage)
             ... on level 1 of the Dungeon.
             The game lasted 00:02:11 (1166 turns).

Gargoyl the Skirmisher (Demonspawn Abyssal Knight)  Turns: 1166, Time: 00:02:11

Health: 0/29       AC:  0    Str: 13    XL:     3   Next: 0%
Magic:  0/4        EV: 12    Int: 13    God:    Lugonu [*.....]
Gold:   96         SH:  0    Dex: 12    Spells: 0 memorised, 2 levels left

rFire  . . .     SeeInvis .     a - +1 hand axe
rCold  . . .     Clarity  .     (no armour)
rNeg   . . .     SustAt   .     (no shield)
rPois  .         Gourm    .     (no helmet)
rElec  .         Spirit   +     (no cloak)
rCorr  .         Warding  .     (no gloves)
rMut   .         Stasis   .     (no boots)
MR     .....                    (no amulet)
Stlth  +.........               (no ring)
                                (no ring)

@: not resistant to hostile enchantments, very unstealthy
A: magic shield
a: Depart the Abyss, Renounce Religion


You were on level 1 of the Dungeon.
You worshipped Lugonu.
Lugonu was aware of your devotion.
You were not hungry.

You visited 1 branch of the dungeon, and saw 1 of its levels.
You visited the Abyss 1 time.

You collected 96 gold pieces.

Inventory:

Hand Weapons
 a - a +1 hand axe (weapon)
Armour
 d - a +0 plate armour
Jewellery
 b - an uncursed ring of protection from magic {unknown}
 g - a cursed ring of loudness {unknown}
Scrolls
 e - a scroll of identify {unknown}
Potions
 f - 2 potions of heal wounds {unknown}
 h - a potion of lignification {unknown}
 i - a potion of might {unknown}
 j - a potion of ambrosia {unknown}
 k - a potion of degeneration {unknown}
Comestibles
 c - a bread ration
 l - 2 chunks of flesh
 m - a beef jerky


   Skills:
 + Level 3.4 Fighting
 + Level 2.0 Axes
 * Level 2.2 Armour
 + Level 1.2 Dodging
 + Level 2.4 Invocations


You had 2 spell levels left.
You didn't know any spells.

Dungeon Overview and Level Annotations

Branches:
Dungeon (1/15)

Altars:


Innate Abilities, Weirdness & Mutations

When hurt, damage is shared between your health and your magic reserves.


Message History

The rat bites you. The rat bites you. The kobold hits you with a dagger.
The rat closely misses you. The kobold barely misses you.
The rat closely misses you. The kobold hits you with a dagger.
The rat barely misses you. The kobold hits you with a dagger.
The rat bites you.
* * * LOW HITPOINT WARNING * * *
The kobold hits you with a dagger.
* * * LOW HITPOINT WARNING * * *
The rat bites you.
* * * LOW HITPOINT WARNING * * *
The kobold hits you with a dagger.
* * * LOW HITPOINT WARNING * * *
The rat bites you.
* * * LOW HITPOINT WARNING * * *
The kobold closely misses you. The rat closely misses you.
The kobold closely misses you. The rat closely misses you.
The kobold barely misses you. The rat bites you.
You die...

#.........# #......)# #.#.
###.####### #.#####.# #.## #.#
#.# #.# #.# ##÷## #.### #.###.#
### ##...## #...# #.##..# ..#
##..÷..## ##.#.# #.##.###
#.###.......## ##.#.#.###.##.##.
#.##.........####K.........##.#..
...'.........'.(@r...............
#.##.........####....#.#.####.#..
#.###.......## ##.....#.# #.##.
#.# ##.....## ##......# #.###
..## ##...## #.###### #.# ...#
##'## #.# #.# .#.# #.# # #.# ...#
#.##### #.# .### ##.#...######.#


You could see a kobold and a rat.

Vanquished Creatures
  3 ball pythons (D:1)
  5 giant cockroaches (D:1)
  4 goblins (D:1)
  5 hobgoblins (D:1)
  A bat (D:1)
  5 kobolds (D:1)
  3 rats (D:1)
26 creatures vanquished.

Vanquished Creatures (others)
  A kraken (D:1)
  A ghoul (D:1)
  An octopode (D:1)
  A gargoyle (D:1)
  A spriggan (D:1)
  2 humans (D:1)
  A dwarf (D:1)
  A naga (D:1)
  A mummy (D:1)
  2 orcs (D:1)
  13 tentacles (D:1)
  25 tentacle segments (D:1)
50 creatures vanquished.

Grand Total: 76 creatures vanquished

Notes
Turn   | Place    | Note
--------------------------------------------------------------
     0 | Abyss:1  | Gargoyl the Demonspawn Abyssal Knight began the quest for the Orb.
     0 | Abyss:1  | Reached XP level 1. HP: 18/18 MP: 2/2
    78 | Abyss:2  | Noticed a smoke demon
    78 | D:1      | Escaped the Abyss
    78 | D:1      | Noticed a ghoul
    78 | D:1      | Noticed a spriggan
    78 | D:1      | Noticed a human
    78 | D:1      | Noticed a gargoyle
    78 | D:1      | Noticed an octopode
    78 | D:1      | Noticed a dwarf
    78 | D:1      | Noticed a kraken
    78 | D:1      | Noticed a ghoul
    78 | D:1      | Noticed a human
    78 | D:1      | Noticed a naga
    86 | D:1      | Killed a ghoul
    90 | D:1      | Killed a human
    91 | D:1      | Killed a gargoyle
    91 | D:1      | Killed a naga
    94 | D:1      | Killed a dwarf
    96 | D:1      | Killed a human
    97 | D:1      | Killed a spriggan
    97 | D:1      | Killed an octopode
   106 | D:1      | Killed a kraken
   268 | D:1      | Reached skill level 1 in Dodging
   462 | D:1      | Gained mutation: When hurt, damage is shared between your health and your magic reserves. [demonic ancestry]
   462 | D:1      | Reached XP level 2. HP: 21/24 MP: 3/3
   564 | D:1      | Reached * piety under Lugonu
  1074 | D:1      | Reached XP level 3. HP: 29/29 MP: 4/4
  1163 | D:1      | HP: 1/29 [rat (1)]
  1166 | D:1      | Slain by a rat

Action                   || total
-------------------------++-------
Melee: Hand axe          ||    84
Invok: Depart the Abyss  ||     1
  Eat: Chunk             ||     1
